 Dungeon Crawl Stone Soup version 0.16.1-4-g8e1b745 (webtiles) character file.

2361 bladedpenguin the Ducker (level 9, -8/40 HPs)
             Began as a Spriggan Venom Mage on Mar 26, 2015.
             Was a Believer of Sif Muna.
             Killed by the air
             ... invoked by Gastronok
              (41 damage)
             ... on level 8 of the Dungeon.
             The game lasted 00:47:16 (6542 turns).

bladedpenguin the Ducker (Spriggan Venom Mage)      Turns: 6542, Time: 00:47:16

Health: -8/40      AC:  8    Str:  4    XL:     9   Next: 21%
Magic:  12/27      EV: 23    Int: 19    God:    Sif Muna [**....]
Gold:   441        SH:  0    Dex: 17    Spells: 3 memorised, 16 levels left

rFire  + . .     SeeInvis +     i - +2 dagger (protect)
rCold  x . .     Clarity  .     a - +1 robe
rNeg   . . .     SustAb   +     (shield restricted)
rPois  .         Gourm    .     (helmet restricted)
rElec  .         Spirit   .     (no cloak)
rCorr  .         Warding  .     (gloves unavailable)
rMut   .         Stasis   .     (boots unavailable)
MR     +....                    (no amulet)
Stlth  ++++......               I - ring of fire
                                y - ring of sustain abilities

@: very quick, somewhat resistant to hostile enchantments, stealthy
A: unfitting armour, see invisible, herbivore 3, speed 3, slow metabolism 2
a: Channel Energy, Forget Spell, Renounce Religion


You were on level 8 of the Dungeon.
You worshipped Sif Muna.
Sif Muna was pleased with you.
You were not hungry.

You visited 2 branches of the dungeon, and saw 9 of its levels.

You collected 441 gold pieces.

Inventory:

Hand weapons
 i - a +2 dagger of protection (weapon)
 l - a +2 rapier of electrocution
 v - a +0 flail of pain
 E - a +4 war axe
Missiles
 C - 2 throwing nets (quivered)
Armour
 a - a +1 robe (worn)
Jewellery
 w - an uncursed amulet of regeneration
 y - a ring of sustain abilities (left hand)
 D - an uncursed ring of sustain abilities
 I - a ring of fire (right hand)
Magical devices
 x - a wand of cold (4)
 B - a wand of cold (3)
 G - a wand of frost (23)
Scrolls
 e - a scroll of teleportation
 f - 3 scrolls of enchant armour
 g - 8 scrolls of identify
 h - 3 scrolls of magic mapping {unknown}
 j - 3 scrolls of remove curse {unknown}
 k - a scroll of amnesia {unknown}
 n - a scroll of blinking {unknown}
 q - a scroll of enchant weapon {unknown}
 s - a scroll of fog {unknown}
 A - a scroll of vulnerability {unknown}
 J - a scroll of torment {unknown}
Potions
 d - 2 potions of haste
 m - a potion of berserk rage {unknown}
 o - a potion of degeneration {unknown}
 p - 2 potions of curing {unknown}
 r - 2 potions of restore abilities {unknown}
 t - a potion of beneficial mutation {unknown}
 z - a potion of ambrosia
 F - a potion of mutation {unknown}
 H - a potion of cancellation {unknown}
 K - a potion of might
Books
 b - a Young Poisoner's Handbook

   Spells                             Type                      Level
   a - Sting                          Conjuration/Poison           1
   b - Cure Poison                    Poison                       2
   c - Mephitic Cloud                 Conjuration/Poison/Air       3
   d - Olgreb's Toxic Radiance        Poison                       4
   e - Venom Bolt                     Conjuration/Poison           5
Comestibles
 c - 7 bread rations
 u - 2 slices of pizza


   Skills:
 + Level 0.8 Fighting
 + Level 2.0 Short Blades
 + Level 7.9 Dodging
 + Level 7.0 Stealth
 + Level 0.1 Unarmed Combat
 + Level 7.1 Spellcasting
 + Level 4.2 Conjurations
 + Level 1.9 Air Magic
 + Level 6.9 Poison Magic
 + Level 0.8 Evocations


You had 16 spell levels left.
You knew the following spells:

 Your Spells              Type           Power        Failure   Level  Hunger
a - Sting                 Conj/Pois      ####         1%          1    None
b - Cure Poison           Pois           ####......   1%          2    None
c - Mephitic Cloud        Conj/Pois/Air  ###.....     6%          3    #......


Dungeon Overview and Level Annotations

Branches:
Dungeon (8/15)             Temple (1/1) D:4
   Lair: D:8-11

Altars:
Cheibriados
Dithmenos
Elyvilon
Fedhas
Gozag
Makhleb
Nemelex Xobeh
Qazlal
Ru
Sif Muna
Trog
Xom
Yredelemnul

Annotations:
D:3 Grinder
D:8 Gastronok


Innate Abilities, Weirdness & Mutations

You are tiny and cannot use many weapons and most armour.
You have supernaturally acute eyesight.
You are a herbivore.
You cover ground extremely quickly.
You need consume almost no food.


Message History

Gastronok is heavily wounded.
Gastronok's eyestalks stretch out, then return to normal size.
Casting: Sting
Confirm with . or Enter, or press ? or * to list all spells.
Aiming: Sting
Press: ? - help, Shift-Dir - straight line, f/p - Gastronok
Aim: Gastronok, wearing a glowing hat (heavily wounded, poisoned)
The sting hits Gastronok.
Gastronok looks even sicker.
Gastronok is heavily wounded.
Casting: Sting
Confirm with . or Enter, or press ? or * to list all spells.
Aiming: Sting
Press: ? - help, Shift-Dir - straight line, f/p - Gastronok
Aim: Gastronok, wearing a glowing hat (heavily wounded, poisoned)
The sting hits Gastronok.
Gastronok is severely wounded.
Gastronok waves his eye-stalks in wide circles.
The air twists around and strikes you!
Ouch! That really hurt!
You die...

#....# #....##†##.#....#.##w##.#
#....# #....##.##.#....#...§§..+
#....# #....'...+.+....#.##'##+#
#....# #....##.##+#....#.##.##.#
#....####...##.#.......#.#.....+
#....#.##...w..#.......#.+..##.#
#....'.........#..)....+.##.##'#
#....#.##......#.......#.##.##..
#....#+##......@..(....#..+.....
#....#.........#.......#.##.##+#
#....+.........#.......#+##.#
#....#.##......#.......+.##.#
#....#.##...##.#.......#.##.#
#....#.##...##.#...#'###.'..##+#
#....'......##.#...#..'..##.##.>
#..(.#.##...##.#...+..##+##.##..
##....#+###'###.'...#..##.##.....


You could see Gastronok.

Vanquished Creatures
  A wyvern (D:8)
  A hippogriff (D:8)
  Edmund (D:6)
  2 sky beasts
  2 ogres
  2 centaurs (D:7)
  Duvessa (D:4)
  2 giant frogs
  A big kobold (D:7)
  A water moccasin zombie (D:5)
  A scorpion (D:5)
  A crimson imp (D:7)
  A goliath beetle (D:7)
  Dowan (D:4)
  2 gnoll shamans
  An orc priest (D:8)
  A centaur skeleton (D:6)
  7 worker ants
  3 orc wizards
  5 hounds
  An iguana (D:8)
  17 gnolls
  8 adders
  A shadow imp (D:7)
  2 giant mites
  4 worms
  An adder zombie (D:7)
  An adder skeleton (D:8)
  7 giant geckos
  12 orcs
  8 goblins
  7 hobgoblins
  25 kobolds
  6 quokkas
  4 bats
  4 giant cockroaches
  2 giant newts
  3 jackals (D:6)
  A jackal skeleton (D:4)
  A kobold zombie (D:7)
  13 rats
165 creatures vanquished.

Vanquished Creatures (others)
  An ogre (D:7)
1 creature vanquished.

Grand Total: 166 creatures vanquished

Notes
Turn   | Place    | Note
--------------------------------------------------------------
     0 | D:1      | bladedpenguin, the Spriggan Venom Mage, began the quest for the Orb.
     0 | D:1      | Reached XP level 1. HP: 9/9 MP: 4/4
   441 | D:1      | Reached XP level 2. HP: 13/13 MP: 5/7
   780 | D:2      | Reached XP level 3. HP: 12/16 MP: 2/9
  1187 | D:2      | Learned a level 2 spell: Cure Poison
  1191 | D:2      | Learned a level 3 spell: Mephitic Cloud
  1289 | D:3      | Reached XP level 4. HP: 11/21 MP: 13/13
  1547 | D:3      | Reached skill level 1 in Conjurations
  1646 | D:3      | Reached XP level 5. HP: 22/24 MP: 10/17
  1668 | D:3      | Noticed Grinder
  2317 | D:3      | Paralysed by Grinder for 3 turns
  2713 | D:4      | Found a staircase to the Ecumenical Temple.
  2719 | Temple   | Entered the Ecumenical Temple
  2731 | Temple   | Became a worshipper of Sif Muna the Loreminder
  2789 | D:4      | Reached skill level 1 in Short Blades
  2862 | D:4      | Noticed Duvessa
  2899 | D:4      | Noticed Dowan
  2913 | D:4      | Killed Duvessa
  2913 | D:4      | Reached skill level 5 in Dodging
  2913 | D:4      | Reached skill level 5 in Poison Magic
  2913 | D:4      | Reached XP level 6. HP: 24/28 MP: 8/20
  2921 | D:4      | Killed Dowan
  3211 | D:4      | Noticed an ogre
  3360 | D:4      | Killed an ogre
  3367 | D:4      | Reached XP level 7. HP: 32/32 MP: 5/21
  3574 | D:5      | Entered Level 5 of the Dungeon
  3589 | D:5      | Acquired Sif Muna's first power
  3594 | D:5      | Reached skill level 1 in Air Magic
  3602 | D:5      | Reached skill level 5 in Spellcasting
  3979 | D:5      | Found a basalt altar of Yredelemnul.
  4107 | D:5      | Found a sparkling altar of Nemelex Xobeh.
  4210 | D:5      | Reached skill level 6 in Dodging
  4355 | D:6      | Noticed Edmund
  4371 | D:6      | Killed Edmund
  4378 | D:6      | Reached skill level 5 in Stealth
  4378 | D:6      | Reached XP level 8. HP: 37/37 MP: 14/24
  4726 | D:6      | Noticed a moth of wrath
  4728 | D:6      | Found a bloodstained altar of Trog.
  4961 | D:7      | Acquired Sif Muna's second power
  5182 | D:7      | Reached skill level 7 in Dodging
  5399 | D:7      | Found a shimmering altar of Xom.
  5400 | D:7      | Found a shadowy altar of Dithmenos.
  6134 | D:8      | Reached XP level 9. HP: 31/40 MP: 17/27
  6422 | D:8      | Noticed Gastronok
  6542 | D:8      | Killed from afar by Gastronok

Action                   |  1- 3 |  4- 6 |  7- 9 || total
-------------------------+-------+-------+-------++-------
Melee: Unarmed           |    33 |       |       ||    33
       Dagger            |    19 |    42 |   321 ||   382
 Cast: Sting             |    44 |   111 |   206 ||   361
       Mephitic Cloud    |       |     6 |    29 ||    35
Evoke: Wand              |       |       |     1 ||     1
  Use: Potion            |       |     5 |       ||     5
       Scroll            |       |     2 |     2 ||     4
 Stab: Sleeping          |     3 |     5 |     6 ||    14
       Confused          |       |     1 |     9 ||    10
       Distracted        |       |       |     1 ||     1
  Eat: Bread ration      |       |       |     1 ||     1
